 Dungeon Crawl Stone Soup version 0.27.1 (webtiles) character file.

Game seed: 1348185373867589174

405 karkarkar the Conjurer (level 6, -5/46 HPs)
             Began as a Draconian Conjurer on Aug 30, 2021.
             Slain by a wraith (8 damage)
             ... in an ossuary on Aug 31, 2021.
             The game lasted 00:17:23 (5455 turns).

karkarkar the Conjurer (Draconian Conjurer)         Turns: 5455, Time: 00:17:24

Health: -5/46      AC:  8    Str: 15    XL:     6   Next: 56%
Magic:  3/11       EV: 12    Int: 18    God:
Gold:   58         SH:  0    Dex: 12    Spells: 8/11 levels left

rFire    . . .     SeeInvis .   l - +2 mace (holy)
rCold    . . .     Faith    .   (no shield)
rNeg     + . .     Spirit   .   (armour unavailable)
rPois    .         Reflect  .   (helmet restricted)
rElec    .         Harm     .   e - +0 cloak
rCorr    .         Rampage  .   c - +0 pair of gloves
Will     .....                  (no boots)
Stlth    ++........             (no amulet)
HPRegen  0.15/turn              h - +6 ring of strength
MPRegen  0.12/turn              j - ring of positive energy

@: slowed, very slow
A: AC +6, unfitting armour, cold-blooded
a: no special abilities


You were in an ossuary.
You visited 1 branch of the dungeon, and saw 4 of its levels.
You also visited: Ossuary.

You collected 58 gold pieces.

Inventory:

Hand Weapons
 l - a +2 mace of holy wrath (weapon)
Armour
 c - a +0 pair of gloves (worn)
 e - a +0 cloak (worn)
Jewellery
 h - a +6 ring of strength (left hand)
 j - a ring of positive energy (right hand)
Scrolls
 a - 2 scrolls of teleportation
 b - a scroll of amnesia
 f - 3 scrolls of brand weapon
 g - a scroll of fear
 k - a scroll of enchant weapon {unknown}
 n - a scroll of identify
Potions
 m - a potion of heal wounds {unknown}


   Skills:
 - Level 0.4 Fighting
 - Level 0.4 Axes
 + Level 0.1(0.2) Maces & Flails
 + Level 3.1 Dodging
 + Level 2.8 Stealth
 + Level 0.6 Unarmed Combat
 + Level 3.3 Spellcasting
 * Level 6.0 Conjurations


You had 8 spell levels left.
You knew the following spells:

 Your Spells              Type           Power      Damage    Failure   Level
a - Magic Dart            Conj           96%        1d7       1%          1
b - Searing Ray           Conj           48%        3d5       1%          2

Your spell library contained the following spells:

 Spells                   Type           Power      Damage    Failure   Level
 Dazzling Flash           Conj/Hex       26%        N/A       14%         3
 Slow                     Hex            3%         N/A       24%         2
 Fulminant Prism          Conj/Hex       6%         3d7       41%         4
 Iskenderun's Mystic Bla  Conj/Tloc      13%        2d5       41%         4
 Call Canine Familiar     Summ           3%         N/A       43%         3
 Confusing Touch          Hex            3%         N/A       43%         3
 Portal Projectile        Hex/Tloc       6%         N/A       43%         3
 Vampiric Draining        Necr           1%         2d6       43%         3
 Leda's Liquefaction      Hex/Erth       1%         N/A       83%         4


Dungeon Overview and Level Annotations

Branches:
Dungeon (4/15)            Ossuary (1/1)
 Temple: D:4-7

Altars:

Portals:
Sewer: D:4

Annotations:
D:3 1 runed translucent door, Crazy Yiuf


Innate Abilities, Weirdness & Mutations

Your plain brown scales are hard. (AC +6)
You cannot fit into any form of body armour.
You are cold-blooded and may be slowed by cold attacks.


Message History

Press: ? - help, Q - select action, (/) - cycle Shift-Dir - straight line, f/p - wraith
Aim: a wraith (heavily damaged, 79% to hit)
The searing ray hits the wraith.
The wraith is severely damaged. (Press . to maintain the ray.)
The wraith barely misses you.
The searing ray hits the wraith but does no damage.
The wraith is severely damaged.
The wraith hits you!
* * * LOW HITPOINT WARNING * * *
The wraith drains your vigour!
You feel as though you will be slow longer.
The wraith misses you.
You feel better. The wraith barely misses you.
You hit the wraith but do no damage.
The wraith is severely damaged.
The wraith hits you. x2
You barely miss the wraith.
The wraith is severely damaged.
The wraith barely misses you. The wraith hits you!
* * * LOW HITPOINT WARNING * * *
The wraith completely misses you.
You hit the wraith but do no damage.
The wraith is severely damaged.
The wraith hits you!
* * * LOW HITPOINT WARNING * * *
The wraith drains your vigour!
You feel as though you will be slow longer.
The wraith closely misses you.
You feel better. The wraith closely misses you. The wraith misses you.
Blink to where?
Press: ? - help, Dir - move target, p - wraith
As you read the scroll of blinking, it crumbles to dust.
You open the door. The wraith misses you. The wraith hits you!
* * * LOW HITPOINT WARNING * * *
The wraith drains your vigour!
You feel as though you will be slow longer.
The wraith hits you!
You die...

#.....##...#####...##.....#
#....##§..##...##...##....#
#....#...##.?...##...#....#
#....+...'.!?!??.#...'....#
#....#...##.??!.##...#....#
#....##...##...##...##....#
#.....##...#####...##.....#
#......##...W.....##......#
#.......#####@#####.......#
#.∩.....................∩.#
#.........................#
############'''############
####...#### #..'...'..#
#..#...#..# ####...####
#...#


You could see a wraith.

Vanquished Creatures
  A necrophage (D:3)
  A water moccasin zombie (D:3)
  A bullfrog skeleton (D:4)
  Jessica (D:2)
  A mummy (Ossuary)
  Robin (D:3)
  2 gnolls
  6 adders
  A worm (D:3)
  3 dart slugs
  13 endoplasms
  3 giant cockroaches
  9 goblins
  13 hobgoblins
  7 jackals (D:1)
  7 kobolds
  2 quokkas (D:2)
  6 ball pythons
  A ball python zombie (D:2)
  4 bats (D:1)
  5 frilled lizards
  7 gnoll skeletons (Ossuary)
  6 kobold skeletons (Ossuary)
  12 orc skeletons (Ossuary)
113 creatures vanquished.

Vanquished Creatures (others)
  4 withered plants (D:2)
4 creatures vanquished.

Grand Total: 117 creatures vanquished

Notes
Turn   | Place    | Note
-------+----------+-------------------------------------------
     0 | D:1      | karkarkar the Draconian Conjurer began the quest for the
                  | Orb.
     0 | D:1      | Reached XP level 1. HP: 14/14 MP: 3/3
   340 | D:1      | Reached XP level 2. HP: 13/20 MP: 1/5
   597 | D:1      | Found a faded altar of an unknown god.
   735 | D:1      | Learned a level 2 spell: Searing Ray
  1143 | D:1      | Reached XP level 3. HP: 26/26 MP: 3/6
  1921 | D:2      | Reached skill level 5 in Conjurations
  2066 | D:2      | Reached XP level 4. HP: 33/33 MP: 2/7
  2193 | D:2      | Noticed Jessica
  2195 | D:2      | Killed Jessica
  2793 | D:2      | Reached XP level 5. HP: 39/39 MP: 3/8
  3707 | D:3      | Noticed Robin
  3731 | D:3      | Killed Robin
  4169 | D:3      | Found a runed translucent door.
  4170 | D:3      | Noticed Crazy Yiuf
  4872 | D:4      | Noticed a necrophage
  4879 | D:3      | Killed a necrophage
  4880 | D:3      | Reached XP level 6. HP: 45/46 MP: 2/10
  4967 | D:4      | Found a glowing drain.
  4970 | D:4      | Found a sand-covered staircase.
  4981 | D:4      | Reached skill level 6 in Conjurations
  4985 | Ossuary  | Entered an ossuary
  4985 | Ossuary  | Noticed a wraith
  4985 | Ossuary  | Noticed a wraith
  4985 | Ossuary  | Noticed a wraith
  5416 | Ossuary  | Noticed a wraith
  5455 | Ossuary  | Slain by a wraith

Illustrated notes

Levels and vault maps discovered:
D:1:      pf_arrival_petrified_forest, layout_loops_ring,
          chequers_ecumenical_altar_twisty
D:2:      layout_loops_cross, serial_undead, serial_undead_b, serial_undead_b,
          serial_undead_e, serial_undead_e, uniq_jessica
D:3:      layout_basic, uniq_robin, uniq_crazy_yiuf_cottage
D:4:      layout_basic, nicolae_ossuary_entry_monument, gup_sewer_entry_glass
Ossuary:  ossuary_due_mausoleum

Skill      XL: |  1  2  3  4  5  6 |
---------------+-------------------+-----
Dodging        | 2 3 |  3.1
Conjurations   | 5 6 |  6.0
Stealth        | 2 |  2.8
Spellcasting   | 3 |  3.3
Fighting       | |  0.4
Axes           | |  0.4
Maces & Flails | |  0.1
Unarmed Combat | |  0.6

Action                   |  1- 3 |  4- 6 || total
-------------------------+-------+-------++-------
Melee: Unarmed           |    39 |     2 ||    41
       Tailslap          |     3 |     5 ||     8
       Hand axe          |       |    10 ||    10
       Mace              |       |    35 ||    35
 Cast: Magic Dart        |    50 |    34 ||    84
       Searing Ray       |    14 |    43 ||    57
  Use: Scroll            |     1 |     5 ||     6
       Potion            |       |     2 ||     2
Armor: Skin              |    34 |    32 ||    66
Dodge: Dodged            |    68 |    53 ||   121
